[ AOE2 MATCH · #505069871 ]
UnrankedKoreans vs Saracens
Player's team · WIN
Rival team · LOSS
[ REPLAY ANALYSIS · EXTRACTED FROM THE RECORDED GAME ]
Feudal
8:51
Castle
19:28
Imperial
36:11
| APM avg | 75.6 |
| APM peak | 113 |
| eAPM avg | 26.7 |
| Villagers / military | 103 / 112 |
Focus
⚔️ 44.8% · 🌾 55.2%
Fire Lancer ×62 · Skirmisher ×33 · Monk ×6 · Iron Pagoda ×4 · Petard ×3 · Spearman ×2
Feudal
8:50
Castle
19:05
Imperial
—
| APM avg | 56.3 |
| APM peak | 83 |
| eAPM avg | 25.6 |
| Villagers / military | 89 / 94 |
Focus
⚔️ 44.9% · 🌾 55.1%
Skirmisher ×42 · Knight ×20 · Mangonel ×11 · Monk ×9 · Mameluke ×5 · Militia ×3
Match map
Initial resources + every placement click. Lines = walls · curves = elevation contours. ◆ gold · ⬟ stone · ● berries · ✦ relic · ◌ wall gap
Your base· Open — unwalled flank
T90Official's base· Open — 6t gap
Smoothed initial terrain · ◌ = detected wall gap · hover for details
Inputs per minute
— OS+ | Sziky - - T90Official
Build order — OS+ | Sziky
First 150 of 342 actions detected
| 0:01 | Create | Villager (Male) |
| 0:02 | Build | House |
| 0:02 | Build | House |
| 0:06 | Create | Villager (Male) |
| 0:26 | Create | Villager (Male) |
| 1:01 | Create | Villager (Male) |
| 1:31 | Create | Villager (Male) |
| 1:54 | Build | Lumber Camp |
| 2:05 | Create | Villager (Male) |
| 2:19 | Create | Villager (Male) |
| 2:49 | Create | Villager (Male) |
| 2:49 | Create | Villager (Male) |
| 3:09 | Create | Villager (Male) |
| 3:36 | Create | Villager (Male) |
| 3:38 | Build | House |
| 3:51 | Create | Villager (Male) |
| 3:55 | Build | House |
| 4:29 | Create | Villager (Male) |
| 4:29 | Create | Villager (Male) |
| 4:45 | Create | Villager (Male) |
| 4:56 | Create | Villager (Male) |
| 4:57 | Create | Villager (Male) |
| 5:29 | Build | Mill |
| 5:44 | Research | Loom |
| 6:24 | Research | Feudal Age |
| 6:48 | Build | Lumber Camp |
| 7:24 | Create | Villager (Male) |
| 7:34 | Build | Palisade Wall |
| 7:34 | Build | Palisade Wall |
| 7:35 | Build | Palisade Wall |
| 7:50 | Build | Barracks |
| 7:53 | Create | Villager (Male) |
| 7:56 | Build | Palisade Wall |
| 8:14 | Create | Villager (Male) |
| 8:49 | Build | Palisade Wall |
| 8:51 | Age | Feudal Age |
| 8:58 | Create | Spearman |
| 9:00 | Build | Archery Range |
| 9:06 | Create | Villager (Male) |
| 9:16 | Build | House |
| 9:17 | Create | Villager (Male) |
| 9:27 | Build | House |
| 9:28 | Create | Villager (Male) |
| 9:30 | Build | Farm |
| 9:34 | Build | Farm |
| 9:40 | Create | Skirmisher |
| 9:43 | Create | Archer |
| 9:56 | Create | Villager (Male) |
| 10:02 | Build | Palisade Wall |
| 10:03 | Build | Palisade Wall |
| 10:19 | Create | Skirmisher |
| 10:28 | Build | Farm |
| 10:29 | Build | Farm |
| 10:30 | Build | Farm |
| 10:31 | Build | Farm |
| 10:42 | Create | Skirmisher |
| 11:02 | Build | House |
| 11:05 | Create | Villager (Male) |
| 11:13 | Create | Skirmisher |
| 11:20 | Create | Villager (Male) |
| 11:32 | Create | Skirmisher |
| 11:39 | Build | Blacksmith |
| 11:48 | Create | Villager (Male) |
| 11:56 | Create | Villager (Male) |
| 11:58 | Create | Skirmisher |
| 12:07 | Research | Double-Bit Axe |
| 12:18 | Create | Skirmisher |
| 12:31 | Create | Skirmisher |
| 12:35 | Build | House |
| 12:41 | Create | Villager (Male) |
| 12:44 | Research | Fletching |
| 12:44 | Research | Fletching |
| 12:52 | Create | Skirmisher |
| 13:02 | Create | Villager (Male) |
| 13:06 | Build | Farm |
| 13:09 | Build | House |
| 13:13 | Create | Villager (Male) |
| 13:21 | Create | Skirmisher |
| 13:38 | Build | Mining Camp |
| 13:42 | Create | Villager (Male) |
| 13:45 | Build | Farm |
| 14:01 | Create | Villager (Male) |
| 14:02 | Build | Palisade Wall |
| 14:18 | Create | Villager (Male) |
| 14:29 | Build | Farm |
| 14:30 | Build | Farm |
| 14:41 | Build | Palisade Wall |
| 14:42 | Build | Palisade Wall |
| 14:42 | Build | Palisade Wall |
| 14:42 | Build | Palisade Wall |
| 14:43 | Build | Palisade Wall |
| 14:43 | Build | Palisade Wall |
| 14:43 | Build | Palisade Wall |
| 14:51 | Build | Farm |
| 14:52 | Build | Farm |
| 15:24 | Create | Villager (Male) |
| 15:41 | Build | Palisade Wall |
| 15:48 | Create | Villager (Male) |
| 15:57 | Build | House |
| 16:16 | Create | Villager (Male) |
| 16:33 | Build | Farm |
| 16:37 | Build | Farm |
| 16:48 | Research | Castle Age |
| 16:48 | Research | Castle Age |
| 17:08 | Build | House |
| 17:18 | Research | Horse Collar |
| 17:18 | Research | Horse Collar |
| 17:22 | Create | Spearman |
| 17:30 | Build | House |
| 17:44 | Research | Gold Mining |
| 17:44 | Research | Gold Mining |
| 18:04 | Create | Skirmisher |
| 18:29 | Build | House |
| 18:36 | Create | Skirmisher |
| 18:40 | Build | Farm |
| 18:42 | Create | Villager (Male) |
| 18:43 | Build | Farm |
| 18:47 | Create | Skirmisher |
| 18:58 | Build | House |
| 19:13 | Create | Villager (Male) |
| 19:28 | Age | Castle Age |
| 19:29 | Build | Siege Workshop |
| 19:30 | Research | Elite Skirmisher (upgrade) |
| 19:31 | Research | Bodkin Arrow |
| 19:34 | Research | Bow Saw |
| 19:39 | Create | Villager (Male) |
| 19:44 | Build | House |
| 19:58 | Create | Iron Pagoda |
| 20:04 | Create | Skirmisher |
| 20:08 | Build | Farm |
| 20:19 | Create | Villager (Male) |
| 20:37 | Research | Wheelbarrow |
| 20:37 | Research | Wheelbarrow |
| 21:16 | Create | Skirmisher |
| 21:26 | Create | Skirmisher |
| 21:40 | Create | Iron Pagoda |
| 21:43 | Create | Villager (Male) |
| 21:53 | Create | Villager (Male) |
| 21:54 | Create | Skirmisher |
| 21:54 | Create | Skirmisher |
| 22:05 | Build | Town Center |
| 22:06 | Create | Villager (Male) |
| 22:07 | Create | Villager (Male) |
| 22:10 | Build | Town Center |
| 22:17 | Create | Iron Pagoda |
| 22:23 | Create | Skirmisher |
| 22:30 | Create | Villager (Male) |
| 22:51 | Create | Skirmisher |
| 22:55 | Research | Town Watch |
| 23:04 | Create | Villager (Male) |
Build order — T90Official
First 150 of 266 actions detected
| 0:00 | Create | Villager (Male) |
| 0:01 | Build | House |
| 0:02 | Build | House |
| 0:10 | Create | Villager (Male) |
| 0:27 | Create | Villager (Male) |
| 0:29 | Create | Villager (Male) |
| 1:26 | Create | Villager (Male) |
| 1:55 | Build | Lumber Camp |
| 2:00 | Create | Villager (Male) |
| 2:22 | Create | Villager (Male) |
| 2:49 | Create | Villager (Male) |
| 2:50 | Create | Villager (Male) |
| 3:26 | Build | House |
| 3:32 | Build | House |
| 3:39 | Create | Villager (Male) |
| 3:48 | Create | Villager (Male) |
| 3:55 | Build | House |
| 4:25 | Create | Villager (Male) |
| 4:45 | Create | Villager (Male) |
| 4:59 | Create | Villager (Male) |
| 5:18 | Build | Barracks |
| 5:18 | Create | Villager (Male) |
| 5:29 | Research | Loom |
| 6:34 | Research | Feudal Age |
| 6:37 | Build | Mining Camp |
| 7:02 | Create | Militia |
| 7:26 | Create | Militia |
| 7:31 | Build | House |
| 7:34 | Create | Militia |
| 8:09 | Build | Mill |
| 8:20 | Build | House |
| 8:42 | Create | Villager (Male) |
| 8:50 | Age | Feudal Age |
| 9:08 | Create | Villager (Male) |
| 9:09 | Create | Villager (Male) |
| 9:09 | Create | Villager (Male) |
| 9:11 | Build | Archery Range |
| 9:36 | Research | Double-Bit Axe |
| 9:37 | Create | Villager (Male) |
| 9:41 | Build | Palisade Wall |
| 9:42 | Build | Palisade Wall |
| 9:44 | Build | Palisade Wall |
| 9:49 | Create | Villager (Male) |
| 10:01 | Research | Man-at-Arms (upgrade) |
| 10:05 | Create | Archer |
| 10:09 | Create | Villager (Male) |
| 10:13 | Build | Market |
| 10:29 | Create | Villager (Male) |
| 10:39 | Build | House |
| 10:41 | Build | Palisade Wall |
| 10:46 | Build | Farm |
| 10:58 | Create | Villager (Male) |
| 11:05 | Build | Farm |
| 11:08 | Create | Skirmisher |
| 11:23 | Create | Villager (Male) |
| 11:27 | Create | Skirmisher |
| 11:34 | Create | Villager (Male) |
| 11:39 | Build | House |
| 11:45 | Create | Villager (Male) |
| 11:50 | Build | Farm |
| 11:53 | Create | Villager (Male) |
| 11:57 | Build | House |
| 12:00 | Build | Palisade Wall |
| 12:03 | Create | Skirmisher |
| 12:07 | Create | Spearman |
| 12:22 | Create | Villager (Male) |
| 12:24 | Build | Farm |
| 12:36 | Create | Villager (Male) |
| 12:45 | Build | Farm |
| 12:47 | Build | House |
| 13:00 | Build | Farm |
| 13:09 | Build | Farm |
| 13:11 | Build | Palisade Wall |
| 13:17 | Create | Skirmisher |
| 13:17 | Create | Skirmisher |
| 13:24 | Create | Villager (Male) |
| 13:40 | Create | Villager (Male) |
| 13:43 | Build | Farm |
| 13:47 | Build | Farm |
| 14:04 | Create | Villager (Male) |
| 14:12 | Create | Skirmisher |
| 14:27 | Create | Villager (Male) |
| 14:43 | Build | Blacksmith |
| 14:46 | Create | Villager (Male) |
| 14:52 | Create | Skirmisher |
| 15:26 | Create | Villager (Male) |
| 15:42 | Build | Lumber Camp |
| 15:47 | Build | Farm |
| 15:57 | Create | Villager (Male) |
| 16:10 | Build | Farm |
| 16:20 | Research | Castle Age |
| 16:26 | Create | Skirmisher |
| 16:50 | Research | Fletching |
| 16:57 | Create | Skirmisher |
| 17:01 | Build | House |
| 17:06 | Build | House |
| 17:07 | Build | House |
| 17:16 | Create | Villager (Male) |
| 17:28 | Create | Skirmisher |
| 17:46 | Create | Villager (Male) |
| 17:50 | Create | Skirmisher |
| 18:00 | Research | Gold Mining |
| 18:04 | Build | Mining Camp |
| 18:20 | Create | Skirmisher |
| 19:01 | Create | Villager (Male) |
| 19:05 | Age | Castle Age |
| 19:08 | Research | Bodkin Arrow |
| 19:15 | Build | Siege Workshop |
| 19:23 | Create | Villager (Male) |
| 19:31 | Research | Elite Skirmisher (upgrade) |
| 19:32 | Research | Elite Skirmisher (upgrade) |
| 19:40 | Research | Padded Archer Armor |
| 19:40 | Create | Villager (Male) |
| 19:47 | Build | House |
| 19:50 | Create | Mangonel |
| 19:54 | Create | Villager (Male) |
| 20:04 | Build | House |
| 20:10 | Research | Town Watch |
| 20:12 | Create | Villager (Male) |
| 20:20 | Create | Mangonel |
| 20:35 | Build | Monastery |
| 20:41 | Build | Farm |
| 20:56 | Create | Villager (Male) |
| 21:15 | Create | Mangonel |
| 21:31 | Create | Monk |
| 21:32 | Build | House |
| 21:32 | Create | Villager (Male) |
| 21:41 | Create | Monk |
| 22:03 | Create | Skirmisher |
| 22:07 | Create | Villager (Male) |
| 22:09 | Build | Lumber Camp |
| 22:14 | Create | Skirmisher |
| 22:14 | Create | Skirmisher |
| 22:15 | Create | Skirmisher |
| 22:15 | Create | Skirmisher |
| 22:27 | Research | Horse Collar |
| 22:30 | Create | Skirmisher |
| 22:33 | Create | Villager (Male) |
| 22:48 | Create | Mangonel |
| 22:54 | Build | Stable |
| 23:04 | Research | Scale Barding Armor |
| 23:07 | Build | Farm |
| 23:14 | Build | Stable |
| 23:15 | Create | Skirmisher |
| 23:23 | Create | Villager (Male) |
| 23:24 | Build | Farm |
| 23:26 | Build | Farm |
| 23:34 | Create | Knight |
| 23:34 | Create | Knight |
| 23:56 | Create | Knight ×2 |
Match timeline
| 5:18 | T90Official · first_building Barracks |
| 7:34 | OS+ | Sziky · wall_segment Palisade Wall x1 |
| 7:34 | OS+ | Sziky · wall_segment Palisade Wall x1 |
| 7:35 | OS+ | Sziky · wall_segment Palisade Wall x1 |
| 7:50 | OS+ | Sziky · first_building Barracks |
| 7:56 | OS+ | Sziky · wall_segment Palisade Wall x4 |
| 8:49 | OS+ | Sziky · wall_segment Palisade Wall x1 |
| 8:50 | T90Official · age_up feudal |
| 8:51 | OS+ | Sziky · age_up feudal |
| 9:00 | OS+ | Sziky · first_building Archery Range |
| 9:11 | T90Official · first_building Archery Range |
| 9:41 | T90Official · wall_segment Palisade Wall x1 |
| 9:42 | T90Official · wall_segment Palisade Wall x2 |
| 9:44 | T90Official · wall_segment Palisade Wall x4 |
| 10:02 | OS+ | Sziky · wall_segment Palisade Wall x1 |
| 10:03 | OS+ | Sziky · wall_segment Palisade Wall x1 |
| 10:41 | T90Official · wall_segment Palisade Wall x4 |
| 11:25 | T90Official · first_market_sell 500 stone |
| 11:26 | T90Official · first_market_buy 100 food |
| 12:00 | T90Official · wall_segment Palisade Wall x13 |
| 13:11 | T90Official · wall_segment Palisade Wall x1 |
| 14:02 | OS+ | Sziky · wall_segment Palisade Wall x11 |
| 14:41 | OS+ | Sziky · wall_segment Palisade Wall x1 |
| 14:42 | OS+ | Sziky · wall_segment Palisade Wall x1 |
| 14:42 | OS+ | Sziky · wall_segment Palisade Wall x1 |
| 14:42 | OS+ | Sziky · wall_segment Palisade Wall x1 |
| 14:43 | OS+ | Sziky · wall_segment Palisade Wall x1 |
| 14:43 | OS+ | Sziky · wall_segment Palisade Wall x1 |
| 14:43 | OS+ | Sziky · wall_segment Palisade Wall x1 |
| 15:41 | OS+ | Sziky · wall_segment Palisade Wall x9 |
| 19:05 | T90Official · age_up castle |
| 19:15 | T90Official · first_building Siege Workshop |
| 19:28 | OS+ | Sziky · age_up castle |
| 19:29 | OS+ | Sziky · first_building Siege Workshop |
| 20:35 | T90Official · first_building Monastery |
| 22:54 | T90Official · first_building Stable |
| 24:32 | OS+ | Sziky · first_building Monastery |
| 30:30 | T90Official · first_building Castle |
| 30:56 | OS+ | Sziky · first_building Castle |
| 33:34 | OS+ | Sziky · first_market_sell 100 food |
| 33:35 | OS+ | Sziky · first_market_buy 100 wood |
| 36:11 | OS+ | Sziky · age_up imperial |
| 36:31 | T90Official · resign |
[ AI ANALYSIS · 1 CREDIT ]
What really happened in this match?
Wolo.gg analyzes every decision: build order, eco, micro, common mistakes by bracket. Personalized analysis on WhatsApp or Discord in 30 seconds.
Civ guide
Koreans
Perfil
Jugador #14725904